 Dungeon Crawl Stone Soup version 0.17-a0-1880-gacf7e67 (webtiles) character file.

46 esc the Grave Robber (level 3, 2/26 HPs)
             Began as a Human Necromancer on Sept 21, 2015.
             Quit the game on level 2 of the Dungeon.
             The game lasted 00:07:40 (1514 turns).

esc the Grave Robber (Human Necromancer)            Turns: 1514, Time: 00:07:41

Health: 2/26       AC:  3    Str:  8    XL:     3   Next: 95%
Magic:  1/6        EV: 13    Int: 16    God:
Gold:   46         SH:  0    Dex: 13    Spells: 3 memorised, 1 level left

rFire  . . .     SeeInvis .     n - +2 short sword (venom)
rCold  . . .     Clarity  .     a - +0 robe
rNeg   . . .     SustAt   .     (no shield)
rPois  .         Gourm    .     (no helmet)
rElec  .         Spirit   .     e - +0 cloak
rCorr  .         Warding  .     (no gloves)
rMut   .         Stasis   .     (no boots)
MR     .....                    (no amulet)
Stlth  ++........               (no ring)
                                (no ring)

@: lethally poisoned (2 -> -3), very slightly contaminated, invisible, not
resistant to hostile enchantments, unstealthy
A: no striking features
a: no special abilities


You were on level 2 of the Dungeon.
You were not hungry.

You visited 1 branch of the dungeon, and saw 2 of its levels.

You collected 46 gold pieces.

Inventory:

Hand weapons
 n - a +2 short sword of venom (weapon)
   (You took it off a kobold on level 2 of the Dungeon)
Missiles
 f - 8 needles of slowing
 g - 21 stones (quivered)
Armour
 a - a +0 robe (worn)
 e - a +0 cloak (worn)
   (You found it on level 1 of the Dungeon)
 h - a +0 buckler
   (You took it off a hobgoblin on level 1 of the Dungeon)
Magical staves
 p - an uncursed staff of air {rElec}
   (You found it on level 2 of the Dungeon)
Jewellery
 l - an uncursed ring of ice {rC+, rF-}
   (You found it on level 1 of the Dungeon)
Scrolls
 d - a scroll of teleportation
 o - a scroll of noise {unknown}
Potions
 i - a potion of flight
 j - a potion of invisibility
Books
 b - a book of Necromancy
Comestibles
 c - a bread ration {@e1}
 k - a meat ration {@e2}
 m - 8 chunks of flesh {@w0}


   Skills:
 + Level 1.2 Fighting
 + Level 2.6 Dodging
 - Level 2.0 Stealth
 + Level 2.4 Spellcasting
 + Level 4.3 Necromancy


You had one spell level left.
You knew the following spells:

 Your Spells              Type           Power        Failure   Level  Hunger
a - Pain                  Necr           ###.         4%          1    #......
r - Regeneration          Chrm/Necr      #.........   28%         3    ###....
A - Animate Skeleton      Necr           N/A          4%          1    #......


Dungeon Overview and Level Annotations

Branches:
Dungeon (2/15)

Altars:

Annotations:
D:2 exclusion: Terence, Terence


Message History

You kill the ball python!
You see here a ball python corpse.
You butcher the ball python corpse.
You see here 3 chunks of flesh {@w0}.
m - 9 chunks of flesh {@w0} (gained 3)
You are feeling hungry.
You start resting.
Eating one of 9 chunks of flesh {@w0}.
You continue eating. x2
A bat comes into view.
A giant gecko comes into view.
Found 6 gold pieces.
Found a stone staircase leading down.
The helpless bat fails to defend itself.
You hit the bat.
The bat is poisoned.
The bat barely misses you.
You kill the bat!
The giant gecko moves out of view.
You see here a bat corpse.
You attempt to give life to the dead...
Before your eyes, flesh is ripped from the corpse!
The dead are flying!
You see here a chunk of flesh {@w0}.
You now have 3/6 mp.
A ball python and an adder come into view.
Aim: a giant gecko (clinging, chance to defeat MR: 92%)
The giant gecko convulses in agony!
The giant gecko misses you. The worm bites your bat skeleton.
Your bat skeleton hits the worm but does no damage.
You take 1 damage, and have 17/26 hp.
You now have 2/6 mp.
You closely miss the giant gecko.
Your bat skeleton hits the worm but does no damage.
Your bat skeleton hits the worm.
The giant gecko bites you.
Your bat skeleton barely misses the worm.
The worm bites your bat skeleton!
Your bat skeleton is destroyed!
You take 1 damage, and have 16/26 hp.
You closely miss the giant gecko. The giant gecko closely misses you.
The giant gecko closely misses you.
You barely miss the giant gecko.
The giant gecko bites you but does no damage.
You barely miss the giant gecko. The giant gecko barely misses you.
The adder bites you.
You take 1 damage, and have 16/26 hp.
You hit the giant gecko.
You kill the giant gecko!
The adder closely misses you. The adder barely misses you.
The ball python barely misses you. x2
You see here 7 gold pieces.
Your skin crawls.
You now have 0/6 mp.
Okay, then.
Unknown command.
You barely miss the adder. The adder bites you but does no damage.
The adder bites you.
You are poisoned.
The adder poisons you!
You take 1 damage, and have 16/26 hp.
Your skin is crawling a little less now.
You feel sick. The ball python completely misses you.
The ball python grabs you. The ball python constricts you.
Your attempt to break free from the ball python fails, but you feel that another attempt might succeed.
The adder bites you.
The ball python bites you but does no damage.
The ball python constricts you. The adder closely misses you.
You take 1 damage, and have 15/26 hp.
You escape the ball python's grasp.
You feel sick. The adder bites you.
You take 2 damage, and have 13/26 hp.
Your skin stops crawling.
The adder bites you.
You take 1 damage, and have 13/26 hp.
Aim: an adder (chance to defeat MR: 80%)
The adder convulses in agony!
The adder bites you.
You take 3 damage, and have 10/26 hp.
You now have 0/6 mp.
Unknown command.
You feel sick.
You see here a smoky amethyst potion.
You take 1 damage, and have 9/26 hp.
j - 2 smoky amethyst potions (gained 1)
The adder bites you.
* * * LOW HITPOINT WARNING * * *
You are lethally poisoned!
The adder poisons you! The adder misses you.
You take 5 damage, and have 4/26 hp.
Drink which item? (? for menu, Esc to quit)
It was a potion of invisibility.
You fade into invisibility!
The adder barely misses you.
You are very lightly contaminated with residual magic.
* * * LOW HITPOINT WARNING * * *
You feel sick.
You take 1 damage, and have 3/26 hp.
You don't have enough magic to cast that spell.
* * * LOW HITPOINT WARNING * * *
You feel sick.
You take 1 damage, and have 2/26 hp.
The adder barely misses you.
Unknown command.
Saving game... please wait.
Level annotation: exclusion: Terence, Terence Welcome back, esc the Human Necromancer.

.######.#
#.$.........# .
#.#######....#### .#
#.#..........# .#
#....#####.#.## .#
#.....# #w#...
.######.....# #.#.###
.......w#.#.# #S#.#
.#####..#....# #S..#
..........#..# #@..#
.##.#..............#
.##.#.###.#...##.....#
.##.#.# .##..###.####
.....[# .##..# .#
#.#..## ##..# .#
#w##.####.##..## .#
#.<......[...$. .#
..#..#.### #..#


You could see a worm, an adder and a ball python (wandering).

Vanquished Creatures
  An adder (D:2)
  An ooze (D:1)
  3 giant geckos
  8 bats
  3 hobgoblins
  2 ball pythons
  2 giant newts
  3 goblins (D:1)
  4 kobolds
  2 rats (D:1)
29 creatures vanquished.

Vanquished Creatures (collateral kills)
  A giant cockroach (D:1)
  A goblin (D:1)
  2 hobgoblins (D:1)
4 creatures vanquished.

Grand Total: 33 creatures vanquished

Notes
Turn   | Place    | Note
--------------------------------------------------------------
     0 | D:1      | esc the Human Necromancer began the quest for the Orb.
     0 | D:1      | Reached XP level 1. HP: 13/13 MP: 3/3
    26 | D:1      | HP: 3/13 [goblin (1)]
   278 | D:1      | Learned a level 1 spell: Animate Skeleton
   315 | D:1      | Reached XP level 2. HP: 14/20 MP: 5/5
   920 | D:1      | Reached XP level 3. HP: 13/25 MP: 1/6
   922 | D:1      | Reached skill level 1 in Fighting
   934 | D:1      | Learned a level 3 spell: Regeneration
  1348 | D:2      | Noticed Terence
  1509 | D:2      | HP: 4/26 [adder (5)]
  1514 | D:2      | Quit the game

Vault maps used:
D:1:      shiori_arrival_maze
D:2:      first_bread, uniq_terence, uniq_crazy_yiuf_cottage

Action                   || total
-------------------------++-------
Melee: Club              ||    85
       Unarmed           ||     1
       Short sword       ||    13
 Cast: Pain              ||    20
       Animate Skeleton  ||     8
       Regeneration      ||     3
  Use: Scroll            ||     4
       Potion            ||     1
 Stab: Sleeping          ||     4
       Distracted        ||     1
  Eat: Chunk             ||     3

Vault maps used:
D:1:      shiori_arrival_maze
D:2:      first_bread, uniq_terence, uniq_crazy_yiuf_cottage

Table legend:
 A = Turns spent in this place as a percentage of turns spent in the entire game.
 B = Non-inter-level travel turns spent in this place as a percentage of non-inter-level travel turns spent in the entire game.
 C = Inter-level travel turns spent in this place as a percentage of turns spent in this place.
 D = Turns resting spent in this place as a percentage of non-inter-level travel turns spent in this place.
 E = Turns spent auto-exploring this place as a percentage of non-inter-level travel turns spent in this place.
 F = Non-inter-level travel turns spent in this place divided by the number of levels of this place that you've seen.
                   A       B       C       D       E      F
               +-------+-------+-------+-------+-------+----------------------
         Total | 100.0 | 100.0 |   0.4 |   2.1 |   5.4 | 233.5
       Dungeon | 100.0 | 100.0 |   0.4 |   2.1 |   5.4 | 233.5
               +-------+-------+-------+-------+-------+----------------------

Table legend:
 A = Kills in this place as a percentage of kills in entire the game.
 B = Kills by you in this place as a percentage of kills by you in the entire game.
 C = Kills by friends in this place as a percentage of kills by friends in the entire game.
 D = Other kills in this place as a percentage of other kills in the entire game.
 E = Experience gained in this place as a percentage of experience gained in the entire game.
 F = Experience gained in this place divided by the number of levels of this place that you have seen.
                   A       B       C       D       E      F
               +-------+-------+-------+-------+-------+----------------------
         Total | 100.0 | 100.0 | 100.0 |  -nan | 100.0 |  33.5
       Dungeon | 100.0 | 100.0 | 100.0 |  -nan | 100.0 |  33.5
               +-------+-------+-------+-------+-------+----------------------
